[Event "ICC tourney 1955 (60 10)"]
[Site "Internet Chess Club"]
[Date "2020.08.07"]
[Round "3"]
[White "SuperPuzzler"]
[Black "Chessking2008"]
[Result "1-0"]
[ICCResult "Black resigns"]
[WhiteElo "1993"]
[BlackElo "2125"]
[Opening "Sicilian: dragon variation"]
[ECO "B70"]
[NIC "SI.15"]
[Time "18:33:03"]
[TimeControl "3600+10"]

1. e4 c5 2. Nf3 d6 3. d4 cxd4 4. Nxd4 Nf6 5. Nc3 g6 6. Be2 Bg7 7. O-O O-O 8.
Bg5 Nc6 9. Nb3 a6 10. a4 Be6 11. Kh1 Rc8 12. f4 Na5 13. Nxa5 Qxa5 14. Bd3 h6
15. Bh4 g5 16. fxg5 hxg5 17. Be1 Qe5 18. Bg3 Qc5 19. Bf2 Qb4 20. Qc1 Ng4 21.
Be1 Qc5 22. h3 Ne5 23. Bf2 Nxd3 24. cxd3 Qa5 25. d4 Bc4 26. Re1 Kh7 27. Be3
f6 28. Qc2 Bf7 29. Qf2 Bg6 30. Bd2 Qd8 31. a5 e6 32. Qg3 Rc4 33. Be3 Bh6 34.
d5 e5 35. Bb6 Qe7 36. Qd3 Rcc8 37. g4 Bg7 38. b4 Be8 39. Rac1 Qd7 40. Rb1
Kg6 41. b5 Rh8 42. Kg2 axb5 43. Nxb5 Bf8 44. Na7 Ra8 45. Rec1 Rh7 46. Rb4
Be7 47. Rc7 Qxc7 48. Bxc7 Rxa7 49. Qb3 Bf8 50. Rxb7 Rxc7 51. Rxa7 Rxa7 52.
Qb6 Ra8 53. a6 Be7 54. Qb7 Rxa6 55. Qxa6 Kf7 56. Qc8 Kf8 57. Kf2 Kf7 58. Ke3
Kf8 59. Kd2 Kf7 60. Kc3 Kf8 61. Kb4 Kf7 62. Ka5 Kf8 63. Kb6 Kf7 64. Kc7 Kf8
65. Qe6 Bg6 66. Kc8 Be8 67. Qf5 Bb5 68. Qh7 Be8 69. Kc7 Ba4 70. Qh8+ Kf7 71.
h4 gxh4 72. Qxh4 Be8 73. Kb6 Kg7 74. Qe1 Kf7 75. Ka5 Bd7 76. Qh4 Ke8 77. Qh7
Kd8 78. Qg8+ Kc7 79. Ka6 Bd8 80. Ka5 Bc8 81. Kb4 Bd7 82. Kc3 Bc8 83. Kd2 Bd7
84. Ke3 Bc8 85. Kf3 Bd7 86. Kg3 Kc8 87. Qg6 Kc7 88. Kh4 Be7 89. Qg8 Bd8 90.
Kh5 Kc8 91. Kh6 Kc7 92. Qg6 Be7 93. Kg7 Kd8 94. Qh7 Be8 95. Qh2 Bd7 96. Qh6
Be8 97. Qh8 Kd7 98. Qg8 Kd8 99. Qe6 Bd7 100. Qg8+ Be8 101. Qh8 Kd7 102. Qh1
Kd8 103. Qc1 Kd7 104. Qc6+ Kd8 105. Qb7 Bd7 106. Qb8+ Bc8 107. Kf7
{Black resigns}
1-0

[Event "ICC tourney 1955 (60 10)"]
[Site "Internet Chess Club"]
[Date "2020.08.07"]
[Round "3"]
[White "TDogg"]
[Black "davidbtn"]
[Result "1/2-1/2"]
[ICCResult "Game drawn by mutual agreement"]
[WhiteElo "2021"]
[BlackElo "1858"]
[Opening "French: Winawer, advance variation"]
[ECO "C18"]
[NIC "FR.11"]
[Time "18:33:23"]
[TimeControl "3600+10"]

1. e4 e6 2. d4 d5 3. Nc3 Bb4 4. e5 c5 5. a3 Bxc3+ 6. bxc3 Qa5 7. Qd2 Nc6 8.
Nf3 Nge7 9. Rb1 b6 10. Bd3 Ba6 11. O-O Rc8 12. dxc5 bxc5 13. Rd1 Ng6 14. Re1
O-O 15. Qe2 Bxd3 16. Qxd3 Rb8 17. Rxb8 Rxb8 18. h4 Rb1 19. Qd2 Qa4 20. g3
Qg4 21. Kg2 Qf5 22. Qe3 Ngxe5 23. Nxe5 Qxe5 24. Qxe5 Nxe5 25. Rxe5 Rxc1 26.
c4 Kf8 27. cxd5 exd5 28. Rxd5 Rxc2 29. Rd7 c4 30. Rxa7 c3 31. Rc7 Rc1 32. a4
Ke8 33. a5 c2 34. a6 Kd8 35. Rc3 Ra1 36. Rxc2 Rxa6 37. Re2 Kd7 38. Kh3 Re6
39. Ra2 Ke7 40. Ra4 Re2 41. Kg2 Kf6 42. Kf3 Re5 43. g4 g6 44. Kf4 Rb5 45.
Ra6+ Kg7 46. f3 h5 47. g5 Rb1 48. Rf6 Rh1 49. Kg3 Kf8 50. Rf4 Ke7 51. Re4+
Kf8 52. Rf4 {Game drawn by mutual agreement} 1/2-1/2

[Event "ICC tourney 1955 (60 10)"]
[Site "Internet Chess Club"]
[Date "2020.08.07"]
[Round "3"]
[White "chessfirelord"]
[Black "vedrau"]
[Result "0-1"]
[ICCResult "White forfeits on time"]
[WhiteElo "1445"]
[BlackElo "1918"]
[Opening "QGD semi-Slav: Meran variation"]
[ECO "D47"]
[NIC "SL.09"]
[Time "18:32:16"]
[TimeControl "3600+10"]

1. d4 d5 2. c4 c6 3. Nf3 Nf6 4. Nc3 e6 5. e3 Nbd7 6. Bd3 dxc4 7. Bxc4 b5 8.
Bd3 Bd6 9. O-O Bb7 10. e4 e5 11. Bg5 O-O 12. Rc1 Re8 13. Re1 a6 14. Bb1 Qe7
15. Qe2 g6 16. a3 exd4 17. Nxd4 c5 18. Nf3 Ne5 19. Nxe5 Bxe5 20. f4 Bd4+ 21.
Kh1 Qd7 22. Rcd1 Nh5 23. f5 Ng7 24. fxg6 hxg6 25. Ba2 Ne6 26. Bf6 Nf4 27.
Qf3 Qd6 28. Bg5 Ne6 29. Bf6 Nf4 30. Bxd4 cxd4 31. Qg3 Qe5 32. Rf1 g5 33. h4
dxc3 34. bxc3 Bxe4 35. Bxf7+ Kxf7 36. hxg5 Kg6 37. Rxf4 Rf8
{White forfeits on time}
0-1

[Event "ICC tourney 1955 (60 10)"]
[Site "Internet Chess Club"]
[Date "2020.08.07"]
[Round "3"]
[White "Rohith-p"]
[Black "asergeev"]
[Result "1-0"]
[ICCResult "Black checkmated"]
[WhiteElo "2145"]
[BlackElo "1869"]
[Opening "Caro-Kann: two knights, 3...Bg4"]
[ECO "B11"]
[NIC "CK.01"]
[Time "18:32:51"]
[TimeControl "3600+10"]

1. e4 c6 2. Nc3 d5 3. Nf3 Bg4 4. h3 Bxf3 5. Qxf3 e6 6. Be2 d4 7. Nb1 Nf6 8.
d3 Nbd7 9. Bd1 Be7 10. O-O Qb6 11. Nd2 O-O 12. Qg3 Rfe8 13. Nc4 Qd8 14. Bf4
b5 15. Bh6 g6 16. Nd6 Bxd6 17. Qxd6 c5 18. Qg3 Rc8 19. f4 Qc7 20. Qh4 c4 21.
Bg5 Kg7 22. f5 exf5 23. exf5 Qb6 24. a4 a6 25. a5 Qd6 26. Bf4 Qc5 27. Bh6+
Kg8 28. fxg6 fxg6 29. Rxf6 Nxf6 30. Qxf6 Re1+ 31. Kf2 Qe5 32. Qxe5 Rxe5 33.
Bg4 Rc6 34. Bf4 Rf6 35. Kg3 Rc5 36. Re1 Kf7 37. Re4 c3 38. bxc3 dxc3 39. Re1
b4 40. Be5 Rfc6 41. Bf3 Re6 42. d4 Rxa5 43. d5 Re8 44. Kf4 Ra2 45. d6 Rxc2
46. Bd5+ Kf8 47. Rf1 Rxe5 48. Kxe5+ Kg7 49. d7 Re2+ 50. Kd6 c2 51. d8=Q Rxg2
52. Qf8# {Black checkmated} 1-0

[Event "ICC tourney 1955 (60 10)"]
[Site "Internet Chess Club"]
[Date "2020.08.07"]
[Round "3"]
[White "closedforce"]
[Black "BranKing"]
[Result "0-1"]
[ICCResult "White resigns"]
[WhiteElo "1904"]
[BlackElo "2118"]
[Opening "Dutch: classical variation"]
[ECO "A96"]
[NIC "HD.01"]
[Time "18:32:07"]
[TimeControl "3600+10"]

1. d4 f5 2. c4 Nf6 3. g3 e6 4. Bg2 Be7 5. Nf3 O-O 6. O-O d6 7. Nc3 a5 8. Re1
Nc6 9. e4 fxe4 10. Nxe4 d5 11. Neg5 dxc4 12. Nxe6 Bxe6 13. Rxe6 Qd7 14. Re2
Rad8 15. Be3 Nd5 16. Rc1 Qg4 17. Rd2 Bb4 18. Rdc2 Nb6 19. Ng5 Qd7 20. Bh3
Qe7 21. Ne6 Qe8 22. Nxd8 Qxd8 23. Be6+ Kh8 24. Bxc4 Qf6 25. Bf1 Bd6 26. a3
Ne7 27. Bg2 c6 28. Qh5 Nf5 29. Rd1 Qe6 30. Re2 Qb3 31. Rde1 Nc4 32. g4 g6
33. Qh3 Nfxe3 34. fxe3 Qd3 35. Rf2 Rxf2 36. Kxf2 Nxb2 37. Qf3 Kg7 38. Kg1
Qb3 39. e4 Qc4 40. Qf2 Nd3 41. Qe2 Qxd4+ 42. Kf1 Nxe1 43. Qxe1 Bxh2 44. Ke2
Bf4 45. Kf3 Be5 46. Qxa5 Qd3+ 47. Kf2 Bd4+ 48. Ke1 Bc3+ {White resigns} 0-1

[Event "ICC tourney 1955 (60 10)"]
[Site "Internet Chess Club"]
[Date "2020.08.07"]
[Round "3"]
[White "icyblizzard"]
[Black "StevChess01"]
[Result "1-0"]
[ICCResult "Black forfeits on time"]
[WhiteElo "2149"]
[BlackElo "1897"]
[Opening "Sicilian: O'Kelly variation"]
[ECO "B28"]
[NIC "SI.43"]
[Time "18:45:29"]
[TimeControl "3600+10"]

1. e4 c5 2. Nf3 a6 3. c4 e6 4. Nc3 Nc6 5. d4 cxd4 6. Nxd4 Bb4 7. f3 Qc7 8.
Nxc6 Bxc3+ 9. bxc3 dxc6 10. c5 Nf6 11. Qd6 Qa5 12. Qd4 O-O 13. Bf4 Rd8 14.
Qb4 Qxb4 15. cxb4 Rd4 16. a3 Ne8 17. Be5 Rd8 18. Rd1 Rxd1+ 19. Kxd1 f6 20.
Bc3 Bd7 21. Bc4 Rd8 22. Ke2 Bc8 23. f4 Kf8 24. g4 f5 25. gxf5 exf5 26. Ke3
g6 27. h4 fxe4 28. Kxe4 Bf5+ 29. Ke3 h5 30. Be5 Rd7 31. Re1 Nc7 32. Bd6+ Kg7
33. Kf2 Nd5 34. Kf3 Kf7 35. Re5 Be6 36. Bf1 Bf5 37. Bg2 Nf6 38. Bf1 Be6 39.
Bd3 Bd5+ 40. Kg3 Ne8 41. Bxg6+ Kxg6 42. Rxe8 Rf7 43. Re5 Rh7 44. Rg5+ Kf7
45. f5 Bb3 46. Kf4 Bd1 47. Be5 Bg4 48. Rg6 Ke7 49. Re6+ Kd7 50. Rd6+ Ke8 51.
Rg6 Rf7 52. f6 Kd7 53. Kg5 Ke6 54. Bd6 Bf3 55. Be7 Rh7 56. Rg8 Be4 57. Rb8
Kd5 58. Rxb7 Kc4 59. Rb6 a5 60. bxa5 {Black forfeits on time} 1-0

[Event "ICC tourney 1955 (60 10)"]
[Site "Internet Chess Club"]
[Date "2020.08.07"]
[Round "3"]
[White "cdj12417489"]
[Black "Lukastico"]
[Result "0-1"]
[ICCResult "White checkmated"]
[WhiteElo "1302"]
[BlackElo "1896"]
[Opening "French: Tarrasch, closed variation"]
[ECO "C05"]
[NIC "FR.16"]
[Time "18:32:54"]
[TimeControl "3600+10"]

1. e4 e6 2. d4 d5 3. Nd2 Nf6 4. e5 Nfd7 5. Ngf3 c5 6. c3 Nc6 7. Bb5 Qb6 8.
Bxc6 bxc6 9. O-O Ba6 10. Re1 Be7 11. Nf1 O-O 12. Ng3 cxd4 13. cxd4 c5 14. b3
cxd4 15. Nxd4 Bc5 16. Bb2 f6 17. exf6 Rxf6 18. Qd2 Raf8 19. Nf3 Rg6 20. Bd4
Bxd4 21. Qxd4 Qxd4 22. Nxd4 e5 23. Ndf5 Rf7 24. Rac1 Bd3 25. Rc7 e4 26. Rxa7
Rgf6 27. Ra8+ Nf8 28. Ne3 Rxf2 29. Nxd5 Rb2 30. Ne3 g6 31. Ra4 Rff2 32. Nxe4
Bxe4 33. Rxe4 Rxa2 34. Rb1 Rfe2 35. b4 Nd7 36. b5 Ra3 37. b6 Raxe3 38. Rxe3
Rxe3 39. b7 Re8 40. Kf2 Rb8 41. Rb5 Kf7 42. Ke3 Ke7 43. Kf4 Kd6 44. Kg5 Ke6
45. h4 Nf8 46. Rb6+ Kf7 47. Kg4 h5+ 48. Kf3 Nd7 49. Rb5 Nf6 50. Rb4 Ng4 51.
Kf4 Kg7 52. Kf3 Nf6 53. Kf2 Nd5 54. Rb5 Nc7 55. Rb6 Kf7 56. Rb4 Ne6 57. Rb6
Nd8 58. Rb4 Rxb7 59. Rxb7+ Nxb7 60. Kf3 Kf6 61. Kf4 Nc5 62. Ke3 Kf5 63. Kf3
Ne6 64. Kg3 Nd4 65. Kf2 Kg4 66. g3 Nf5 67. Kg2 Nxg3 68. Kf2 Kxh4 69. Kg2 g5
70. Kh2 g4 71. Kg2 Ne4 72. Kh2 g3+ 73. Kg2 Kg4 74. Kh1 h4 75. Kg2 h3+ 76.
Kh1 Kf3 77. Kg1 h2+ 78. Kh1 Nf2# {White checkmated} 0-1

[Event "ICC tourney 1955 (60 10)"]
[Site "Internet Chess Club"]
[Date "2020.08.07"]
[Round "3"]
[White "albertyao"]
[Black "HarleyQueen8"]
[Result "1-0"]
[ICCResult "Black checkmated"]
[WhiteElo "1954"]
[BlackElo "1715"]
[Opening "Sicilian"]
[ECO "B56"]
[NIC "SI.25"]
[Time "18:32:39"]
[TimeControl "3600+10"]

1. e4 c5 2. Nf3 d6 3. d4 cxd4 4. Nxd4 Nf6 5. Nc3 Nc6 6. Be3 Ng4 7. Nxc6 bxc6
8. Bc1 g6 9. h3 Nf6 10. Be3 Bg7 11. Bc4 O-O 12. O-O Bb7 13. Qd2 d5 14. exd5
cxd5 15. Bb3 Qd7 16. Rad1 Rfd8 17. Bd4 Ne4 18. Nxe4 dxe4 19. c3 a5 20. Qf4
Qe8 21. Bxg7 Kxg7 22. Qe5+ Kg8 23. Rxd8 Qxd8 24. Rd1 Qe8 25. Rd4 Rd8 26.
Qxa5 Rxd4 27. cxd4 Qc6 28. Qc3 Qd7 29. Qc4 e6 30. Qc5 Bc6 31. Bc4 Qb7 32.
Bf1 Bd5 33. b3 Qa8 34. Qc2 Qa7 35. Qd2 Qa8 36. Bc4 Qc6 37. Qb4 e3 38. Qb8+
Kg7 39. Qe5+ Kg8 40. Qxe3 Bxc4 41. bxc4 Qxc4 42. Qd2 Qb5 43. Kh2 Qb8+ 44. g3
Qa7 45. Qb2 Qa4 46. a3 Qc4 47. Qb8+ Kg7 48. Qe5+ Kg8 49. Qe3 Qc2 50. Kg2
Qc6+ 51. Qf3 Qc4 52. Qf4 Qc6+ 53. Kh2 Qa6 54. Qb8+ Kg7 55. Qb2 Kg8 56. Kg1
Qc4 57. Qb8+ Kg7 58. Qe5+ Kg8 59. Qc5 Qb3 60. Qb4 Qd1+ 61. Kg2 Qd3 62. a4
Qe4+ 63. Kg1 h5 64. a5 h4 65. Qb8+ Kh7 66. Qe5 Qb1+ 67. Kg2 Qb7+ 68. Kh2
hxg3+ 69. Kxg3 Qb3+ 70. f3 Qb1 71. Kh4 Qf1 72. Qe3 Qa1 73. Qe5 Qf1 74. Kg4
Qg2+ 75. Qg3 Qc2 76. Qf4 Qg2+ 77. Kh4 Qf2+ 78. Kg5 Qg2+ 79. Kf6 Qe2 80. Kxf7
Qf2 81. Qf6 Qxf3 82. Qxf3 e5 83. Qf6 exd4 84. Qg7# {Black checkmated} 1-0

[Event "ICC tourney 1955 (60 10)"]
[Site "Internet Chess Club"]
[Date "2020.08.08"]
[Round "4"]
[White "Goran21"]
[Black "tclaneva"]
[Result "1-0"]
[ICCResult "Black resigns"]
[WhiteElo "2105"]
[BlackElo "1908"]
[Opening "Sicilian: Najdorf, Lipnitzky attack"]
[ECO "B86"]
[NIC "SI.13"]
[Time "12:06:53"]
[TimeControl "3600+10"]

1. e4 c5 2. Nf3 d6 3. d4 cxd4 4. Nxd4 Nf6 5. Nc3 a6 6. Bc4 e6 7. Bb3 Be7 8.
Be3 O-O 9. f4 Nc6 10. Qf3 Qc7 11. O-O-O b5 12. f5 Nxd4 13. Bxd4 e5 14. Be3
Bb7 15. g4 b4 16. Nd5 Nxd5 17. Bxd5 Bxd5 18. Rxd5 Rac8 19. Qg2 Qc4 20. Kb1
Rc6 21. b3 Qc3 22. Rd3 Rfc8 23. Rc1 a5 24. Rxc3 Rxc3 25. Bd2 R3c6 26. g5 Bf8
27. g6 f6 28. Qh3 h6 29. Qd3 Kh8 30. c3 bxc3 31. Rxc3 Rxc3 32. Bxc3 Rc5 33.
Bb2 {Black resigns} 1-0

[Event "ICC tourney 1955 (60 10)"]
[Site "Internet Chess Club"]
[Date "2020.08.08"]
[Round "4"]
[White "Mulan2009"]
[Black "salamenceg"]
[Result "1-0"]
[ICCResult "Black resigns"]
[WhiteElo "1601"]
[BlackElo "1063"]
[Opening "Evans gambit: compromised defense"]
[ECO "C52"]
[NIC "IG.05"]
[Time "12:06:19"]
[TimeControl "3600+10"]

1. e4 e5 2. Nf3 Nc6 3. Bc4 Bc5 4. b4 Bxb4 5. c3 Ba5 6. d4 exd4 7. O-O dxc3
8. Qb3 Nh6 9. Bxh6 gxh6 10. Bxf7+ Kf8 11. Bd5 Qf6 12. Bxc6 dxc6 13. Qa3+ Kf7
14. Qxa5 c2 15. Qxc7+ Kf8 16. Nbd2 Qg6 17. Qf4+ Ke7 18. Qe5+ Kd8 19. Qxh8+
{Black resigns}
1-0

[Event "ICC tourney 1955 (60 10)"]
[Site "Internet Chess Club"]
[Date "2020.08.08"]
[Round "4"]
[White "smilingfloor"]
[Black "icyblizzard"]
[Result "1/2-1/2"]
[ICCResult "Game drawn by repetition"]
[WhiteElo "1946"]
[BlackElo "2114"]
[Opening "Sicilian: accelerated fianchetto, modern variation"]
[ECO "B34"]
[NIC "SI.33"]
[Time "12:06:52"]
[TimeControl "3600+10"]

1. e4 c5 2. Nf3 Nc6 3. d4 cxd4 4. Nxd4 g6 5. Nc3 Bg7 6. Be3 Nf6 7. Be2 O-O
8. O-O d5 9. exd5 Nxd5 10. Nxc6 bxc6 11. Bd4 Bxd4 12. Qxd4 Qb6 13. Qxb6 axb6
14. Nxd5 cxd5 15. Bf3 Be6 16. Rfd1 Rad8 17. Rd4 Rd6 18. Rad1 Rfd8 19. c3 f6
20. a3 Bf7 21. Kf1 Kf8 22. Rb4 e5 23. g3 Ke7 24. Ke2 g5 25. Bg2 Bh5+ 26. Bf3
Bxf3+ 27. Kxf3 f5 28. Rb5 Ke6 29. h3 Rc8 30. Re1 Rc4 31. Kg2 Rc5 32. Rb4 Rc4
33. Rb5 Rc5 34. Rb4 Rc4 35. Rb5 Rc5 36. Rb4 {Game drawn by repetition}
1/2-1/2

[Event "ICC tourney 1955 (60 10)"]
[Site "Internet Chess Club"]
[Date "2020.08.08"]
[Round "4"]
[White "betterone76"]
[Black "GenerousSW"]
[Result "0-1"]
[ICCResult "White resigns"]
[WhiteElo "1809"]
[BlackElo "2007"]
[Opening "Sicilian: Richter-Rauzer, Rauzer attack, 7...a6 defense, 8...Bd7"]
[ECO "B67"]
[NIC "SI.30"]
[Time "12:06:14"]
[TimeControl "3600+10"]

1. e4 c5 2. Nf3 d6 3. d4 cxd4 4. Nxd4 Nf6 5. Nc3 Nc6 6. Bg5 e6 7. Qd2 a6 8.
O-O-O Bd7 9. f4 b5 10. Nxc6 Bxc6 11. e5 dxe5 12. Qxd8+ Rxd8 13. Rxd8+ Kxd8
14. fxe5 h6 15. Bh4 g5 16. exf6 gxh4 17. Bd3 Rg8 18. Rd1 Kc7 19. Rg1 Bc5 20.
Re1 Rxg2 21. Bh7 Rxh2 22. Bg8 Be8 23. Ne4 Bf8 24. Rg1 h3 25. Bh7 Rg2 26. Rh1
h2 27. Ng3 Rg1+ 28. Kd2 Rxh1 29. Nxh1 Bc6 {White resigns} 0-1

[Event "ICC tourney 1955 (60 10)"]
[Site "Internet Chess Club"]
[Date "2020.08.08"]
[Round "4"]
[White "Vish1080"]
[Black "hunqapillar"]
[Result "1-0"]
[ICCResult "Black resigns"]
[WhiteElo "1682"]
[BlackElo "1743"]
[Opening "Réti opening"]
[ECO "A05"]
[NIC "QP.11"]
[Time "12:06:59"]
[TimeControl "3600+10"]

1. Nf3 Nf6 2. b3 e6 3. Bb2 c5 4. e3 Nc6 5. Bb5 Be7 6. Bxc6 bxc6 7. O-O Qc7
8. Be5 d6 9. Bg3 Ne4 10. d3 Bf6 11. dxe4 Bxa1 12. c3 e5 13. Qc2 Qa5 14. b4
cxb4 15. cxb4 Qb6 16. Nbd2 O-O 17. Rxa1 Ba6 18. a3 Rac8 19. Nc4 Bxc4 20.
Qxc4 c5 21. h3 cxb4 22. Qxb4 Qc6 23. Rd1 Rfd8 24. Qa5 Ra8 25. Nxe5 Qc2 26.
Rd2 Qxe4 27. Nf3 d5 28. Rd4 Qb1+ 29. Kh2 Qb3 30. Ne5 f6 31. Nc6 Rd7 32. Rxd5
Qb7 33. Rxd7 Qxd7 34. Ne7+ Qxe7 35. Qd5+ {Black resigns} 1-0

[Event "ICC tourney 1955 (60 10)"]
[Site "Internet Chess Club"]
[Date "2020.08.08"]
[Round "4"]
[White "sirking2800"]
[Black "jairam09"]
[Result "1-0"]
[ICCResult "Black checkmated"]
[WhiteElo "2007"]
[BlackElo "1810"]
[Opening "Caro-Kann: exchange, Rubinstein variation"]
[ECO "B13"]
[NIC "CK.02"]
[Time "12:07:27"]
[TimeControl "3600+10"]

1. e4 c6 2. d4 d5 3. exd5 cxd5 4. Bd3 Nc6 5. c3 Nf6 6. Bf4 g6 7. Nd2 Bg7 8.
Qc2 O-O 9. Ngf3 a6 10. O-O b5 11. a3 Bb7 12. Rae1 e6 13. Ne5 Rc8 14. Qb1 Na5
15. Ndf3 Nc4 16. Bc2 Nd7 17. Re2 Qe7 18. Rfe1 Ndxe5 19. Nxe5 a5 20. Nxc4
bxc4 21. Qc1 Ba6 22. Re3 Qb7 23. Rh3 h5 24. Bh6 Kh7 25. Bxg7 Kxg7 26. Qg5
Rh8 27. Bxg6 fxg6 28. Rxe6 Rc7 29. Qxg6+ Kf8 30. Re8# {Black checkmated} 1-0

[Event "ICC tourney 1955 (60 10)"]
[Site "Internet Chess Club"]
[Date "2020.08.08"]
[Round "4"]
[White "vikram251107"]
[Black "Joelpaulg"]
[Result "0-1"]
[ICCResult "White resigns"]
[WhiteElo "1937"]
[BlackElo "2020"]
[Opening "Sicilian: Anderssen variation"]
[ECO "B41"]
[NIC "SI.41"]
[Time "12:07:39"]
[TimeControl "3600+10"]

1. e4 c5 2. Nf3 e6 3. d4 cxd4 4. Nxd4 Nf6 5. f3 d5 6. exd5 Nxd5 7. Bc4 Bc5
8. Bxd5 Qxd5 9. Be3 Nc6 10. Nxc6 Bxe3 11. Qxd5 exd5 12. Nb4 Be6 13. Nc3
O-O-O 14. Rd1 Rhe8 15. Kf1 d4 16. Ne4 f5 17. Nf2 Kb8 18. g3 Rc8 19. c3 dxc3
20. bxc3 Rxc3 21. Nd5 Bxd5 22. Rxd5 Bxf2 23. Kxf2 Rc2+ {White resigns} 0-1

[Event "ICC tourney 1955 (60 10)"]
[Site "Internet Chess Club"]
[Date "2020.08.08"]
[Round "4"]
[White "chessmate09520"]
[Black "hursha6b5"]
[Result "1-0"]
[ICCResult "Black resigns"]
[WhiteElo "2094"]
[BlackElo "1912"]
[Opening "Giuoco Piano"]
[ECO "C54"]
[NIC "IG.02"]
[Time "12:06:21"]
[TimeControl "3600+10"]

1. e4 e5 2. Nf3 Nc6 3. Bc4 Bc5 4. c3 Nf6 5. d3 d6 6. O-O a6 7. a4 Ba7 8. Bg5
h6 9. Bh4 g5 10. Bg3 Bg4 11. h3 Bh5 12. b4 g4 13. hxg4 Bxg4 14. Nbd2 h5 15.
Qb3 Qe7 16. Bh4 Rg8 17. Ng5 Rg7 18. Qa2 Nd8 19. d4 exd4 20. e5 dxe5 21. Nge4
Rg6 22. Nxf6+ Rxf6 23. Ne4 Ne6 24. Nxf6+ Kd8 25. g3 Kc8 26. Nxg4 Ng5 27. Nh2
dxc3 28. Bxf7 Nh3+ 29. Kg2 Nf4+ 30. gxf4 Qxh4 31. Qe6+ {Black resigns} 1-0

[Event "ICC tourney 1955 (60 10)"]
[Site "Internet Chess Club"]
[Date "2020.08.08"]
[Round "4"]
[White "Adhvaith0406"]
[Black "rockinroll"]
[Result "1-0"]
[ICCResult "Black resigns"]
[WhiteElo "2007"]
[BlackElo "1809"]
[Opening "French: Rubinstein variation"]
[ECO "C10"]
[NIC "FR.07"]
[Time "12:06:35"]
[TimeControl "3600+10"]

1. e4 e6 2. d4 d5 3. Nc3 dxe4 4. Nxe4 Nd7 5. Nf3 Ngf6 6. Nxf6+ Nxf6 7. Bd3
Be7 8. O-O O-O 9. Re1 b6 10. Bg5 h6 11. Bh4 Bb7 12. c3 c5 13. dxc5 Bxc5 14.
Qe2 Qe7 15. Rad1 Rad8 16. Ne5 Kh8 17. Ng4 Bd6 18. Bxf6 gxf6 19. Qe3 f5 20.
Qxh6+ Kg8 21. Nf6+ {Black resigns} 1-0

[Event "ICC tourney 1955 (60 10)"]
[Site "Internet Chess Club"]
[Date "2020.08.08"]
[Round "4"]
[White "HarleyQueen8"]
[Black "tanker2"]
[Result "1-0"]
[ICCResult "Black resigns"]
[WhiteElo "1742"]
[BlackElo "1838"]
[Opening "Benoni: pawn storm variation"]
[ECO "A66"]
[NIC "BI.38"]
[Time "12:06:46"]
[TimeControl "3600+10"]

1. d4 Nf6 2. c4 c5 3. d5 e6 4. Nc3 exd5 5. cxd5 d6 6. e4 g6 7. f4 Nbd7 8.
Nf3 Bg7 9. e5 dxe5 10. fxe5 Ng4 11. e6 fxe6 12. dxe6 Qe7 13. Ng5 Ngf6 14.
Bc4 O-O 15. Bf4 Ne8 16. Nd5 Qd8 17. e7 Qa5+ 18. Nc3+ Kh8 19. exf8=Q+ Bxf8
20. Nf7+ {Black resigns} 1-0

[Event "ICC tourney 1955 (60 10)"]
[Site "Internet Chess Club"]
[Date "2020.08.08"]
[Round "4"]
[White "pawnpush202044"]
[Black "Kiwiinoz"]
[Result "1-0"]
[ICCResult "Black resigns"]
[WhiteElo "1891"]
[BlackElo "2027"]
[Opening "QGD: Tarrasch, von Hennig-Schara gambit"]
[ECO "D32"]
[NIC "TD.10"]
[Time "12:07:02"]
[TimeControl "3600+10"]

1. c4 e6 2. d4 d5 3. Nc3 c5 4. cxd5 cxd4 5. Qxd4 Nc6 6. Qd1 exd5 7. Qxd5 Be6
8. Qxd8+ Rxd8 9. Bd2 Nb4 10. Rc1 Nxa2 11. Nxa2 Bxa2 12. Ra1 Bc4 13. Nf3 Bc5
14. Rc1 b5 15. b3 Bxf2+ 16. Kxf2 Bxb3 17. Bc3 Nf6 18. Bxf6 gxf6 19. e3 a6
20. Rc6 Ra8 21. Rxa6 Rxa6 22. Bxb5+ {Black resigns} 1-0

[Event "ICC tourney 1955 (60 10)"]
[Site "Internet Chess Club"]
[Date "2020.08.08"]
[Round "4"]
[White "geowhiz27"]
[Black "Knightoffaith"]
[Result "1/2-1/2"]
[ICCResult "Game drawn by mutual agreement"]
[WhiteElo "1788"]
[BlackElo "1867"]
[Opening "Sicilian defense"]
[ECO "B30"]
[NIC "SI.31"]
[Time "12:06:52"]
[TimeControl "3600+10"]

1. e4 c5 2. Nf3 Nc6 3. c3 d5 4. exd5 Qxd5 5. d4 Nf6 6. Na3 e6 7. Nb5 Qd8 8.
Be3 a6 9. Na3 cxd4 10. Nxd4 Bd7 11. Bd3 Be7 12. O-O O-O 13. Qb3 Nxd4 14.
Bxd4 Bc6 15. Rfe1 Qd5 16. Qxd5 Nxd5 17. Nc4 Bf6 18. Ne5 Rac8 19. Rad1
{Game drawn by mutual agreement}
1/2-1/2

[Event "ICC tourney 1955 (60 10)"]
[Site "Internet Chess Club"]
[Date "2020.08.08"]
[Round "4"]
[White "StevChess01"]
[Black "minitotoro"]
[Result "0-1"]
[ICCResult "White checkmated"]
[WhiteElo "1873"]
[BlackElo "1620"]
[Opening "Neo-Grünfeld defense"]
[ECO "D70"]
[NIC "KI.80"]
[Time "12:06:45"]
[TimeControl "3600+10"]

1. d4 Nf6 2. c4 g6 3. f3 d5 4. cxd5 Nxd5 5. e4 Nb6 6. Nc3 Bg7 7. Be3 O-O 8.
Qd2 a5 9. Rc1 e5 10. d5 c6 11. Rd1 cxd5 12. Nxd5 Nxd5 13. Qxd5 Qxd5 14. Rxd5
Nc6 15. Rd2 Be6 16. a3 Rac8 17. Nh3 Nd4 18. Bxd4 exd4 19. Bd3 Bh6 20. Rd1
Bb3 21. Rb1 Be3 22. Nf2 Bc2 23. Bxc2 Rxc2 24. Nd1 Rxg2 25. Nxe3 dxe3 26. b4
axb4 27. axb4 Rf2 28. Rf1 Rxh2 29. b5 Rd8 30. Rb3 e2 31. Rg1 Rd1#
{White checkmated}
0-1

[Event "ICC tourney 1955 (60 10)"]
[Site "Internet Chess Club"]
[Date "2020.08.08"]
[Round "4"]
[White "WR3311"]
[Black "clair"]
[Result "1-0"]
[ICCResult "Black resigns"]
[WhiteElo "1871"]
[BlackElo "1711"]
[Opening "Robatsch (modern) defense"]
[ECO "B06"]
[NIC "KF.05"]
[Time "12:07:28"]
[TimeControl "3600+10"]

1. e4 g6 2. d4 Bg7 3. Be2 d6 4. Nf3 Nd7 5. Be3 e6 6. c3 Ne7 7. Nbd2 a6 8. a4
b6 9. Qc2 Bb7 10. h3 O-O 11. O-O h6 12. Rfe1 f5 13. exf5 exf5 14. Nf1 f4 15.
Bd2 Kh7 16. N1h2 c5 17. Bd3 d5 18. Nh4 Qe8 19. Rxe7 Qxe7 20. Nxg6 Qf6 21.
Nxf8+ Kg8 22. Nxd7 Qh4 23. Nf3 Qe7 24. Nde5 c4 25. Bh7+ Kh8 26. Ng6+
{Black resigns}
1-0

[Event "ICC tourney 1955 (60 10)"]
[Site "Internet Chess Club"]
[Date "2020.08.08"]
[Round "4"]
[White "asergeev"]
[Black "pangpangba"]
[Result "1-0"]
[ICCResult "Black resigns"]
[WhiteElo "1896"]
[BlackElo "1526"]
[Opening "Queen's pawn: London system"]
[ECO "A45"]
[NIC "QP.07"]
[Time "12:07:11"]
[TimeControl "3600+10"]

1. d4 Nf6 2. Bf4 e6 3. e3 d5 4. Nd2 c5 5. c3 Nc6 6. Ngf3 Be7 7. Bd3 O-O 8.
Ne5 Bd7 9. g4 cxd4 10. exd4 g6 11. Qf3 Re8 12. h4 Bf8 13. h5 Bg7 14. g5 Nxh5
15. Rxh5 gxh5 16. Bxh7+ Kxh7 17. Qxh5+ Kg8 18. Qxf7+ Kh7 19. O-O-O
{Black resigns}
1-0

[Event "ICC tourney 1955 (60 10)"]
[Site "Internet Chess Club"]
[Date "2020.08.08"]
[Round "4"]
[White "MateOnF7"]
[Black "PhenomenalChess"]
[Result "1-0"]
[ICCResult "Black checkmated"]
[WhiteElo "1912"]
[BlackElo "1621"]
[Opening "French: Winawer, advance, poisoned pawn, Konstantinopolsky variation"]
[ECO "C18"]
[NIC "FR.11"]
[Time "12:06:32"]
[TimeControl "3600+10"]

1. e4 e6 2. d4 d5 3. Nc3 Bb4 4. e5 c5 5. a3 Bxc3+ 6. bxc3 Ne7 7. Qg4 Qc7 8.
Qxg7 Rg8 9. Qxh7 cxd4 10. Ne2 Nbc6 11. f4 Bd7 12. Rb1 dxc3 13. Qd3 O-O-O 14.
Nxc3 a6 15. Qxa6 Qxe5+ 16. fxe5 bxa6 17. Bxa6+ Kc7 18. Rb7+ Kc8 19. Nb5 Nf5
20. Rb6# {Black checkmated} 1-0